 Dungeon Crawl Stone Soup version 0.19-a0-823-gd955774 (webtiles) character file.

565 FrankyJ the Poker (level 7, -1/56 HPs)
             Began as a Merfolk Gladiator on June 30, 2016.
             Killed from afar by an orc wizard (6 damage)
             ... with a magic dart
             ... on level 6 of the Dungeon.
             The game lasted 00:07:23 (2961 turns).

FrankyJ the Poker (Merfolk Gladiator)               Turns: 2961, Time: 00:07:24

Health: -1/56      AC:  5    Str: 18    XL:     7   Next: 32%
Magic:  7/7        EV: 15    Int:  7    God:
Gold:   97         SH:  0    Dex: 14    Spells: 0 memorised, 6 levels left

rFire  . . .     SeeInvis .     a - +0 trident
rCold  . . .     Gourm    .     b - +0 leather armour
rNeg   . . .     Faith    .     (no shield)
rPois  .         Spirit   .     c - +1 helmet
rElec  .         Dismiss  .     (no cloak)
rCorr  .         Reflect  .     (no gloves)
SustAt .         Harm     .     (no boots)
MR     .....                    (no amulet)
Stlth  +.........               (no ring)
                                (no ring)

@: not resistant to hostile enchantments, very unstealthy
A: change form in water, swift swim
a: no special abilities


You were on level 6 of the Dungeon.
You were not hungry.

You visited 1 branch of the dungeon, and saw 5 of its levels.

You collected 97 gold pieces.

Inventory:

Hand Weapons
 a - a +0 trident (weapon)
Missiles
 d - 3 throwing nets (quivered)
 k - 8 needles of frenzy
 u - 8 poisoned needles
Armour
 b - a +0 leather armour (worn)
 c - a +1 helmet (worn)
Jewellery
 i - an uncursed amulet of faith
 x - an uncursed amulet of regeneration {unknown}
Scrolls
 e - a scroll of remove curse
 m - 2 scrolls of identify
 q - a scroll of immolation
Potions
 h - a potion of might {unknown}
 j - 2 potions of beneficial mutation {unknown}
 n - a potion of brilliance {unknown}
 o - a potion of haste {unknown}
 p - a potion of curing {unknown}
 r - 2 potions of heal wounds {unknown}
 w - a potion of cancellation {unknown}
 z - 2 potions of degeneration {unknown}
Books
 s - a book of Death

   Spells                             Type                      Level
   a - Corpse Rot                     Necromancy                   2
   b - Sublimation of Blood           Necromancy                   2
   c - Agony                          Necromancy                   5
   d - Dispel Undead                  Necromancy                   5
   e - Excruciating Wounds            Charms/Necromancy            5
   f - Bolt of Draining               Conjuration/Necromancy       5
Comestibles
 f - a bread ration
 g - 2 fruits
 l - 3 chunks of flesh
 t - 3 meat rations


   Skills:
 * Level 5.2 Fighting
 + Level 7.6 Polearms
 - Level 2.2 Throwing
 + Level 6.7 Dodging
 - Level 0.2 Stealth


You had 6 spell levels left.
You didn't know any spells.

Dungeon Overview and Level Annotations

Branches:
Dungeon (7/15)
 Temple: D:4-7

Altars:
Dithmenos


Message History

The orc wizard casts a spell.
The orc wizard blinks!
Throwing (i - inventory):
d - 3 throwing nets (quivered)
Press: ? - help, Shift-Dir - straight line, f/p - orc wizard
Aim: an orc wizard, wielding a dagger and wearing a robe (severely wounded)
Okay, then.
Okay, then.
Quiver which item? (- for none, * to show all) (? for menu, Esc to quit)
Okay, then.
Things that are here:
a staff of cold; a robe The orc wizard mumbles some strange words.
The orc wizard blinks!
Things that are here:
an arrow; 2 tomahawks
Things that are here:
a staff of cold; a robe The orc wizard gestures at you while chanting.
The magic dart hits you!
You die...

#######.....#..,,,,,,,,,,,,,,,,,,
,..# #.....#**********,,,,,,,,,,
*#.# #.....# *,,,,,,,,,, #.#
#.....# *,,,,,,,,,* #.# #.....#
*,,,,,,,,,* #.# ###.###
*,,.,,,,,,* #.# #.#
**##...,,,,,,, #.#
#.##########..o...,,***** #.#
##......|@))....#**,**
#.#####...#########.#"# *,*
#................,,,#,***,*
#######...#######****,,,,,* #####
*******


You could see an orc wizard.

Vanquished Creatures
  A sky beast (D:6)
  A centaur (D:6)
  A big kobold (D:7)
  A giant frog (D:6)
  An orc wizard (D:6)
  A hound (D:3)
  Jessica (D:2)
  2 iguanas
  6 adders
  An ooze (D:2)
  A worm (D:3)
  3 dart slugs
  2 giant geckos
  2 orcs
  2 ball pythons (D:1)
  A giant cockroach (D:1)
  4 goblins
  6 hobgoblins
  3 jackals (D:2)
  9 kobolds
  A quokka (D:3)
  5 bats
  3 giant newts
  11 rats
69 creatures vanquished.

Notes
Turn   | Place    | Note
--------------------------------------------------------------
     0 | D:1      | FrankyJ the Merfolk Gladiator began the quest for the Orb.
     0 | D:1      | Reached XP level 1. HP: 16/16 MP: 1/1
    65 | D:1      | Reached XP level 2. HP: 20/22 MP: 2/2
   100 | D:1      | Reached skill level 5 in Polearms
   394 | D:1      | Reached XP level 3. HP: 27/27 MP: 3/3
   888 | D:2      | Noticed Jessica
   910 | D:2      | Killed Jessica
   910 | D:2      | Reached XP level 4. HP: 19/34 MP: 4/4
  1090 | D:2      | Reached skill level 5 in Dodging
  1176 | D:2      | Reached skill level 6 in Polearms
  1297 | D:2      | Found a faded altar of an unknown god.
  1429 | D:2      | Found a shadowy altar of Dithmenos.
  1574 | D:3      | Reached XP level 5. HP: 41/41 MP: 5/5
  2009 | D:3      | You fall through a shaft for 3 floors!
  2228 | D:7      | Noticed a big kobold
  2240 | D:7      | Killed a big kobold
  2240 | D:7      | Reached XP level 6. HP: 14/48 MP: 6/6
  2562 | D:6      | Noticed a sky beast
  2568 | D:6      | Reached skill level 7 in Polearms
  2585 | D:6      | Killed a sky beast
  2887 | D:6      | Reached XP level 7. HP: 55/55 MP: 7/7
  2928 | D:6      | Reached skill level 5 in Fighting
  2961 | D:6      | Killed from afar by an orc wizard

Vault maps used:
D:1:      eino_arrival_cavern_d, minmay_tripent
D:2:      nicolae_dithmenos_through_a_glass_darkly, ecumenical_altar_2,
          uniq_jessica
D:3:      first_bread, nrook_loot_triangle, minmay_misc_feat_nine_boxes,
          serial_park_tiny_2
D:6:      tgw_trog, uniq_sigmund
D:7:      overflow_temple_1_default, kennysheep_cluttered_room

Skill      XL: |  1  2  3  4  5  6  7 |
---------------+----------------------+-----
Polearms       | 5 6 7 |  7.6
Dodging        | 5 6 |  6.7
Fighting       | 3 4 5 |  5.2
Throwing       | |  2.2
Stealth        | |  0.2

Action                   |  1- 3 |  4- 6 |  7- 9 || total
-------------------------+-------+-------+-------++-------
Melee: Trident           |    82 |   161 |    35 ||   278
  Use: Scroll            |       |     6 |       ||     6
 Stab: Sleeping          |       |     3 |       ||     3
  Eat: Chunk             |       |     5 |       ||     5
       Beef jerky        |       |     1 |       ||     1
Armor: Leather armour    |    23 |    20 |     5 ||    48
Dodge: Dodged            |    58 |    90 |    15 ||   163
